[ AOE2 MATCH · #495296316 ]
UnrankedKoreans vs Saracens
Player's team · WIN
Rival team · LOSS
[ REPLAY ANALYSIS · EXTRACTED FROM THE RECORDED GAME ]
Feudal
8:50
Castle
20:03
Imperial
38:26
| APM avg | 53.1 |
| APM peak | 83 |
| eAPM avg | 24.2 |
| Villagers / military | 104 / 87 |
Focus
⚔️ 40.7% · 🌾 59.3%
Skirmisher ×59 · Fire Lancer ×14 · Spearman ×7 · Iron Pagoda ×7
Feudal
9:10
Castle
18:08
Imperial
34:00
| APM avg | 120.6 |
| APM peak | 236 |
| eAPM avg | 67.7 |
| Villagers / military | 132 / 93 |
Focus
⚔️ 70.6% · 🌾 29.4%
Archer ×75 · Mangonel ×12 · Trebuchet (Packed) ×4 · Bombard Cannon ×2 · Trade Cart ×1
Match map
Initial resources + every placement click. Lines = walls · curves = elevation contours. ◆ gold · ⬟ stone · ● berries · ✦ relic · ◌ wall gap
Your base· ✓ Closed at 20:03 · 28t walls · no gate
[VL] Xite's base· ✓ Closed at 18:08 · 54t walls · 1 gate(s)
Smoothed initial terrain · ◌ = detected wall gap · hover for details
Inputs per minute
— buddybadi - - [VL] Xite
Build order — buddybadi
First 150 of 351 actions detected
| 0:00 | Create | Villager (Male) |
| 0:01 | Create | Villager (Male) |
| 0:01 | Create | Villager (Male) |
| 0:02 | Build | House |
| 0:03 | Build | House |
| 0:30 | Create | Villager (Male) |
| 0:30 | Create | Villager (Male) |
| 1:24 | Create | Villager (Male) |
| 1:59 | Create | Villager (Male) |
| 2:06 | Build | Lumber Camp |
| 2:20 | Create | Villager (Male) |
| 2:46 | Create | Villager (Male) |
| 3:03 | Create | Villager (Male) |
| 3:40 | Create | Villager (Male) |
| 3:48 | Build | House |
| 3:57 | Create | Villager (Male) |
| 4:27 | Create | Villager (Male) |
| 4:47 | Build | Mill |
| 4:52 | Create | Villager (Male) |
| 5:24 | Create | Villager (Male) |
| 5:42 | Create | Villager (Male) |
| 5:50 | Research | Loom |
| 5:57 | Build | Palisade Gate |
| 6:05 | Create | Villager (Male) |
| 6:40 | Research | Feudal Age |
| 7:00 | Build | House |
| 7:01 | Build | Barracks |
| 7:24 | Build | Palisade Wall |
| 7:54 | Build | House |
| 7:55 | Build | Palisade Wall |
| 8:17 | Create | Villager (Male) |
| 8:50 | Age | Feudal Age |
| 8:54 | Create | Spearman |
| 8:58 | Build | Archery Range |
| 9:00 | Create | Villager (Male) |
| 9:02 | Research | Double-Bit Axe |
| 9:22 | Create | Spearman |
| 9:26 | Build | Mill |
| 9:31 | Create | Villager (Male) |
| 9:38 | Create | Spearman |
| 9:57 | Create | Villager (Male) |
| 9:58 | Create | Skirmisher |
| 10:00 | Build | House |
| 10:09 | Create | Villager (Male) |
| 10:12 | Build | House |
| 10:16 | Create | Spearman |
| 10:22 | Build | Farm |
| 10:23 | Build | Farm |
| 10:30 | Create | Skirmisher |
| 10:33 | Build | Palisade Wall |
| 10:46 | Create | Spearman |
| 10:47 | Create | Skirmisher |
| 10:52 | Create | Villager (Male) |
| 10:55 | Build | Farm |
| 11:08 | Create | Skirmisher |
| 11:09 | Create | Villager (Male) |
| 11:11 | Build | Farm |
| 11:14 | Build | House |
| 11:15 | Build | Palisade Wall |
| 11:28 | Create | Villager (Male) |
| 11:34 | Build | Palisade Wall |
| 11:49 | Create | Villager (Male) |
| 12:03 | Create | Villager (Male) |
| 12:08 | Build | House |
| 12:09 | Create | Skirmisher |
| 12:18 | Build | House |
| 12:21 | Build | Palisade Wall |
| 12:26 | Build | Palisade Wall |
| 12:27 | Build | Palisade Wall |
| 12:50 | Build | Farm |
| 12:51 | Build | Farm |
| 12:57 | Create | Villager (Male) |
| 13:08 | Build | Palisade Wall |
| 13:11 | Build | House |
| 13:13 | Build | Palisade Wall |
| 13:17 | Create | Skirmisher |
| 13:20 | Build | Farm |
| 13:22 | Build | Farm |
| 13:24 | Build | Farm |
| 13:25 | Build | Farm |
| 13:25 | Create | Villager (Male) |
| 13:29 | Build | Farm |
| 13:34 | Build | Farm |
| 13:38 | Create | Skirmisher |
| 13:59 | Create | Villager (Male) |
| 14:09 | Build | Farm |
| 14:10 | Build | Farm |
| 14:14 | Create | Skirmisher |
| 14:22 | Create | Villager (Male) |
| 14:38 | Create | Skirmisher |
| 14:43 | Create | Villager (Male) |
| 14:55 | Build | Mining Camp |
| 15:02 | Create | Villager (Male) |
| 15:05 | Build | Farm |
| 15:06 | Build | Farm |
| 15:28 | Create | Skirmisher |
| 16:04 | Create | Villager (Male) |
| 16:05 | Create | Skirmisher |
| 16:19 | Create | Villager (Male) |
| 16:27 | Create | Skirmisher |
| 16:52 | Build | Blacksmith |
| 16:55 | Create | Villager (Male) |
| 16:58 | Research | Gold Mining |
| 17:24 | Research | Castle Age |
| 17:24 | Research | Castle Age |
| 17:25 | Create | Skirmisher |
| 17:36 | Build | House |
| 17:48 | Research | Fletching |
| 17:49 | Create | Skirmisher |
| 18:11 | Build | Watch Tower |
| 18:21 | Create | Skirmisher |
| 18:30 | Build | House |
| 18:32 | Build | House |
| 18:37 | Create | Villager (Male) |
| 18:55 | Build | House |
| 18:58 | Build | House |
| 19:21 | Build | House |
| 19:28 | Build | Lumber Camp |
| 19:33 | Create | Skirmisher |
| 20:03 | Age | Castle Age |
| 20:09 | Build | Mining Camp |
| 20:15 | Research | Bodkin Arrow |
| 20:16 | Create | Villager (Male) |
| 20:36 | Research | Elite Skirmisher (upgrade) |
| 20:36 | Research | Elite Skirmisher (upgrade) |
| 20:41 | Create | Villager (Male) |
| 20:50 | Research | Horse Collar |
| 20:56 | Create | Skirmisher |
| 21:01 | Research | Bow Saw |
| 21:10 | Create | Fire Lancer |
| 21:10 | Create | Fire Lancer |
| 21:18 | Create | Villager (Male) |
| 21:18 | Create | Villager (Male) |
| 22:22 | Create | Skirmisher |
| 22:36 | Create | Villager (Male) |
| 22:36 | Create | Villager (Male) |
| 22:38 | Create | Fire Lancer |
| 22:39 | Create | Skirmisher |
| 22:45 | Build | Mining Camp |
| 22:50 | Build | Farm |
| 22:54 | Create | Skirmisher |
| 22:56 | Create | Fire Lancer |
| 23:04 | Build | University |
| 23:11 | Create | Skirmisher |
| 23:11 | Create | Skirmisher |
| 23:25 | Create | Villager (Male) |
| 23:25 | Create | Villager (Male) |
| 23:30 | Build | Farm |
| 23:31 | Build | Farm |
| 23:43 | Create | Skirmisher |
Build order — [VL] Xite
First 150 of 376 actions detected
| 0:01 | Create | Villager (Male) |
| 0:01 | Create | Villager (Male) |
| 0:02 | Build | House |
| 0:03 | Build | House |
| 0:06 | Create | Villager (Male) |
| 0:07 | Create | Villager (Male) |
| 0:07 | Create | Villager (Male) |
| 1:24 | Create | Villager (Male) |
| 1:24 | Create | Villager (Male) |
| 1:54 | Build | Lumber Camp |
| 1:59 | Create | Villager (Male) |
| 1:59 | Create | Villager (Male) |
| 2:16 | Create | Villager (Male) |
| 2:16 | Create | Villager (Male) |
| 2:35 | Build | House |
| 2:45 | Create | Villager (Male) |
| 3:08 | Create | Villager (Male) |
| 3:35 | Create | Villager (Male) |
| 4:03 | Create | Villager (Male) |
| 4:05 | Create | Villager (Male) |
| 4:28 | Create | Villager (Male) |
| 4:30 | Create | Villager (Male) |
| 4:30 | Create | Villager (Male) |
| 4:45 | Create | Villager (Male) |
| 4:45 | Create | Villager (Male) |
| 4:53 | Research | Loom |
| 5:22 | Build | Palisade Gate |
| 5:36 | Build | Barracks |
| 6:34 | Build | House |
| 6:35 | Build | House |
| 7:00 | Research | Feudal Age |
| 7:00 | Research | Feudal Age |
| 7:18 | Build | Palisade Wall |
| 7:37 | Build | Mining Camp |
| 7:42 | Build | Palisade Wall |
| 7:48 | Build | Palisade Wall |
| 7:58 | Build | Palisade Wall |
| 8:24 | Create | Villager (Male) |
| 9:10 | Age | Feudal Age |
| 9:12 | Build | Archery Range |
| 9:24 | Create | Villager (Male) |
| 9:26 | Build | Mill |
| 9:32 | Build | Palisade Wall |
| 9:35 | Research | Double-Bit Axe |
| 9:35 | Research | Double-Bit Axe |
| 9:37 | Create | Villager (Male) |
| 9:53 | Create | Villager (Male) |
| 9:55 | Create | Archer |
| 10:02 | Create | Villager (Male) |
| 10:10 | Build | Market |
| 10:13 | Create | Villager (Male) |
| 10:20 | Build | Palisade Wall |
| 10:21 | Build | Palisade Wall |
| 10:24 | Create | Archer |
| 10:25 | Create | Archer |
| 10:33 | Build | Farm |
| 10:55 | Build | House |
| 10:56 | Build | Palisade Wall |
| 10:56 | Build | Palisade Wall |
| 10:56 | Build | Palisade Wall |
| 11:02 | Create | Villager (Male) |
| 11:07 | Build | Farm |
| 11:08 | Build | Farm |
| 11:17 | Build | Palisade Wall |
| 11:28 | Build | House |
| 11:29 | Create | Villager (Male) |
| 11:35 | Create | Archer |
| 11:51 | Build | Farm |
| 12:02 | Build | Farm |
| 12:07 | Create | Archer |
| 12:07 | Create | Archer |
| 12:14 | Create | Villager (Male) |
| 12:16 | Build | House |
| 12:17 | Build | Palisade Wall |
| 12:18 | Create | Villager (Male) |
| 12:55 | Create | Villager (Male) |
| 13:14 | Build | House |
| 13:15 | Build | Palisade Wall |
| 13:21 | Build | Palisade Wall |
| 13:25 | Create | Archer |
| 13:25 | Create | Archer |
| 13:30 | Build | Farm |
| 13:30 | Create | Villager (Male) |
| 13:31 | Build | Farm |
| 13:35 | Create | Villager (Male) |
| 13:51 | Build | Farm |
| 13:55 | Create | Archer |
| 13:55 | Create | Archer |
| 13:59 | Create | Villager (Male) |
| 14:52 | Build | Palisade Wall |
| 15:05 | Create | Archer |
| 15:26 | Build | House |
| 15:28 | Research | Castle Age |
| 15:29 | Research | Castle Age |
| 15:38 | Build | House |
| 15:50 | Create | Archer |
| 15:50 | Create | Archer |
| 15:56 | Create | Villager (Male) |
| 16:01 | Build | Blacksmith |
| 16:24 | Build | House |
| 16:27 | Create | Archer |
| 16:29 | Create | Archer |
| 16:31 | Create | Villager (Male) |
| 16:36 | Build | House |
| 16:44 | Build | Palisade Wall |
| 16:44 | Create | Archer |
| 16:45 | Create | Archer |
| 16:45 | Create | Archer |
| 16:58 | Research | Horse Collar |
| 16:59 | Research | Horse Collar |
| 17:08 | Research | Gold Mining |
| 17:09 | Research | Gold Mining |
| 17:23 | Research | Fletching |
| 17:23 | Research | Fletching |
| 17:23 | Research | Fletching |
| 17:35 | Create | Villager (Male) |
| 17:49 | Create | Villager (Male) |
| 18:00 | Build | Palisade Wall |
| 18:06 | Create | Archer |
| 18:08 | Age | Castle Age |
| 18:18 | Build | Siege Workshop |
| 18:21 | Research | Crossbowman (upgrade) |
| 18:28 | Build | Farm |
| 18:31 | Create | Villager (Male) |
| 18:52 | Research | Bodkin Arrow |
| 18:52 | Research | Bodkin Arrow |
| 18:53 | Create | Villager (Male) |
| 18:58 | Create | Archer |
| 18:59 | Create | Villager (Male) |
| 19:04 | Build | House |
| 19:32 | Create | Mangonel |
| 19:32 | Create | Mangonel |
| 19:33 | Create | Villager (Male) |
| 19:41 | Create | Villager (Male) |
| 19:44 | Create | Archer |
| 20:00 | Create | Villager (Male) |
| 20:06 | Build | House |
| 20:07 | Create | Villager (Male) |
| 20:29 | Create | Mangonel |
| 20:29 | Create | Mangonel |
| 20:32 | Create | Villager (Male) |
| 20:37 | Create | Villager (Male) |
| 20:40 | Build | Palisade Wall |
| 20:52 | Create | Villager (Male) |
| 21:00 | Create | Archer |
| 21:05 | Create | Archer |
| 21:15 | Create | Villager (Male) |
| 21:26 | Create | Archer |
| 21:39 | Create | Archer |
| 21:59 | Create | Archer |
Match timeline
| 5:36 | [VL] Xite · first_building Barracks |
| 7:01 | buddybadi · first_building Barracks |
| 7:18 | [VL] Xite · wall_segment Palisade Wall x6 |
| 7:24 | buddybadi · wall_segment Palisade Wall x1 |
| 7:42 | [VL] Xite · wall_segment Palisade Wall x1 |
| 7:48 | [VL] Xite · wall_segment Palisade Wall x1 |
| 7:55 | buddybadi · wall_segment Palisade Wall x2 |
| 7:58 | [VL] Xite · wall_segment Palisade Wall x1 |
| 8:50 | buddybadi · age_up feudal |
| 8:58 | buddybadi · first_building Archery Range |
| 9:10 | [VL] Xite · age_up feudal |
| 9:12 | [VL] Xite · first_building Archery Range |
| 9:32 | [VL] Xite · wall_segment Palisade Wall x4 |
| 10:20 | [VL] Xite · wall_segment Palisade Wall x11 |
| 10:21 | [VL] Xite · wall_segment Palisade Wall x1 |
| 10:33 | buddybadi · wall_segment Palisade Wall x4 |
| 10:56 | [VL] Xite · wall_segment Palisade Wall x1 |
| 10:56 | [VL] Xite · wall_segment Palisade Wall x1 |
| 10:56 | [VL] Xite · wall_segment Palisade Wall x1 |
| 11:15 | buddybadi · wall_segment Palisade Wall x1 |
| 11:17 | [VL] Xite · wall_segment Palisade Wall x1 |
| 11:34 | buddybadi · wall_segment Palisade Wall x4 |
| 12:17 | [VL] Xite · wall_segment Palisade Wall x1 |
| 12:21 | buddybadi · wall_segment Palisade Wall x6 |
| 12:26 | buddybadi · wall_segment Palisade Wall x7 |
| 12:27 | buddybadi · wall_segment Palisade Wall x1 |
| 12:46 | [VL] Xite · first_market_sell 100 stone |
| 12:47 | [VL] Xite · first_market_buy 100 food |
| 13:08 | buddybadi · wall_segment Palisade Wall x1 |
| 13:13 | buddybadi · wall_segment Palisade Wall x2 |
| 13:15 | [VL] Xite · wall_segment Palisade Wall x5 |
| 13:21 | [VL] Xite · wall_segment Palisade Wall x8 |
| 14:52 | [VL] Xite · wall_segment Palisade Wall x11 |
| 16:44 | [VL] Xite · wall_segment Palisade Wall x1 |
| 18:00 | [VL] Xite · wall_segment Palisade Wall x1 |
| 18:08 | [VL] Xite · age_up castle |
| 18:18 | [VL] Xite · first_building Siege Workshop |
| 20:03 | buddybadi · age_up castle |
| 20:40 | [VL] Xite · wall_segment Palisade Wall x1 |
| 24:57 | buddybadi · first_market_buy 100 wood |
| 28:32 | buddybadi · first_building Siege Workshop |
| 31:36 | [VL] Xite · first_building Castle |
| 34:00 | [VL] Xite · age_up imperial |
| 35:15 | buddybadi · first_market_sell 100 food |
| 38:26 | buddybadi · age_up imperial |
| 39:08 | [VL] Xite · resign |
[ AI ANALYSIS · 1 CREDIT ]
What really happened in this match?
Wolo.gg analyzes every decision: build order, eco, micro, common mistakes by bracket. Personalized analysis on WhatsApp or Discord in 30 seconds.
Civ guide
Koreans
Perfil
Jugador #8335776